 Dungeon Crawl Stone Soup version 0.23-a0-78-gc252fe1 (console) character file.

802 nht the Slasher (level 7, 0/50 HPs)
             Began as a Demonspawn Assassin on Aug 10, 2018.
             Slain by a bullfrog zombie (6 damage)
             ... on level 7 of the Dungeon.
             The game lasted 00:08:35 (5898 turns).

nht the Slasher (Demonspawn Assassin)               Turns: 5898, Time: 00:08:37

Health: 0/50       AC:  6    Str: 12    XL:     7   Next: 59%
Magic:  7/7        EV: 13    Int: 14    God:
Gold:   342        SH:  0    Dex: 14    Spells: 6/6 levels left

rFire    . . .     SeeInvis .   a - +0 long sword
rCold    . . .     Gourm    .   (no shield)
rNeg     . . .     Faith    .   c - +0 robe
rPois    .         Spirit   .   u - +1 helmet
rElec    .         Reflect  .   x - +1 cloak
rCorr    .         Harm     .   (no gloves)
MR       .....                  (no boots)
Stlth    ++++......             (no amulet)
HPRegen  0.16/turn              (no ring)
MPRegen  0.10/turn              (no ring)

@: no status effects
A: repulsion field 1, nightstalker 2, powered by pain 1
a: no special abilities


You were on level 7 of the Dungeon.
You were not hungry.

You visited 2 branches of the dungeon, and saw 8 of its levels.

You collected 342 gold pieces.

Inventory:

Hand Weapons
 a - a +0 long sword (weapon)
 b - a +0 blowgun
 z - a +2 dagger
Missiles
 e - 38 poisoned needles
 f - 2 curare-tipped needles
 o - 4 tomahawks
 A - 2 exploding tomahawks (quivered)
Armour
 c - a +0 robe (worn)
 u - a +1 helmet (worn)
 x - a +1 cloak (worn)
Jewellery
 h - an uncursed ring of ice
Wands
 v - a wand of digging (7)
 C - a wand of enslavement (3)
Scrolls
 d - a scroll of magic mapping
 i - 5 scrolls of teleportation
 l - 4 scrolls of remove curse
 m - a scroll of enchant weapon
Potions
 j - a potion of berserk rage
 k - 2 potions of heal wounds
 n - a potion of ambrosia
 p - 2 potions of haste
 q - 2 potions of lignification
 r - 3 potions of mutation
 s - 3 potions of magic
 t - a potion of brilliance
 w - 2 potions of curing
 B - a potion of flight
Comestibles
 g - 9 rations
 D - 6 chunks of flesh


   Skills:
 - Level 2.0 Fighting
 - Level 4.7(6.2) Short Blades
 + Level 6.3(7.0) Long Blades
 - Level 1.7 Throwing
 - Level 0.8 Dodging
 - Level 3.6 Stealth


You had 6 spell levels left.
You didn't know any spells.
Your spell library contained the following spells:

 Spells                   Type           Power        Failure   Level  Hunger
 Cause Fear               Hex            #.........   96%         4    #####..
 Slow                     Hex            #.......     41%         2    ###....
 Confuse                  Hex            #.......     65%         3    ####...
 Confusing Touch          Hex            #.....       28%         1    ##.....
 Metabolic Englaciation   Hex/Ice        #.........   100%        5    ######.
 Corona                   Hex            #......      28%         1    ##.....
 Portal Projectile        Hex/Tloc       #.....       65%         3    ####...
 Petrify                  Tmut/Erth      #.......     96%         4    #####..
 Leda's Liquefaction      Hex/Erth       #.........   96%         4    #####..
 Inner Flame              Hex/Fire       #.......     65%         3    ####...
 Gell's Gravitas          Tloc           #.........   65%         3    ####...
 Yara's Violent Unravell  Hex/Tmut       #.........   100%        5    ######.


Dungeon Overview and Level Annotations

Branches:
Dungeon (7/15)             Temple (1/1) D:6

Altars:
Cheibriados
Dithmenos
Elyvilon
Fedhas
Gozag
Hepliaklqana
Kikubaaqudgha
Makhleb
Nemelex Xobeh
Ru
Sif Muna
Trog
Uskayaw
Vehumet
Wu Jian
Xom
Yredelemnul
Zin
The Shining One


Innate Abilities, Weirdness & Mutations

You are surrounded by a mild repulsion field. (EV +2)
You are significantly more attuned to the shadows.
You sometimes gain a little power by taking damage.


Message History

You hit the bullfrog zombie.
The bullfrog zombie is moderately damaged.
The bullfrog zombie hits you.
* * * LOW HITPOINT WARNING * * *
You hit the bullfrog zombie but do no damage.
The bullfrog zombie is moderately damaged.
The bullfrog zombie hits you but does no damage.
You hit the bullfrog zombie.
The bullfrog zombie is heavily damaged.
The bullfrog zombie misses you. The bullfrog zombie hits you.
* * * LOW HITPOINT WARNING * * *
You slash the bullfrog zombie!
The bullfrog zombie is severely damaged.
The bullfrog zombie hits you.
* * * LOW HITPOINT WARNING * * *
You are too injured to fight recklessly!
You are too injured to fight recklessly!
You are too injured to fight recklessly!
The bullfrog zombie hits you.
You die...

█.█ █.█ █.█ █.█ █.█ █.█
█.█ █.█ ███.███
████.████.██████.....██
........................
.............████.....█
█████.████.█.)███.....█
█.█ █.██...@Z....█ █.█
█.██.P.PPP....J ..
..██.P.P.P...██
██PP_PP.█.█


█.PPP ...█ █. PP....█ You could see a bullfrog zombie.

Vanquished Creatures
  An ice beast (D:5)
  A centaur (D:7)
  2 ogres
  A water moccasin zombie (D:5)
  A howler monkey (D:5)
  A crimson imp (D:5)
  A quasit (D:5)
  2 bullfrog skeletons
  An orc priest (D:4)
  A worker ant (D:6)
  A howler monkey zombie (D:5)
  3 adders
  A gnoll (D:1)
  A shadow imp (D:7)
  An ooze (D:1)
  3 worms
  2 dart slugs
  6 leopard geckos
  7 orcs
  3 ball pythons
  21 bats
  3 giant cockroaches
  11 goblins
  8 hobgoblins
  10 jackals
  9 kobolds
  5 frilled lizards
  7 rats
114 creatures vanquished.

Notes
Turn   | Place    | Note
-------+----------+-------------------------------------------
     0 | D:1      | nht the Demonspawn Assassin began the quest for the Orb.
     0 | D:1      | Reached XP level 1. HP: 16/16 MP: 1/1
   103 | D:1      | Gained mutation: You are surrounded by a mild repulsion field. (EV +2) [demonic ancestry]
   103 | D:1      | Reached XP level 2. HP: 22/22 MP: 2/2
   523 | D:1      | Reached XP level 3. HP: 17/27 MP: 3/3
  1323 | D:2      | Gained mutation: You sometimes gain a little power by taking damage. [demonic ancestry]
  1323 | D:2      | Reached XP level 4. HP: 33/33 MP: 4/4
  2333 | D:3      | Found a shimmering altar of Xom.
  3134 | D:4      | Noticed an ogre
  3172 | D:4      | Killed an ogre
  3172 | D:4      | Reached skill level 2 in Long Blades
  3172 | D:4      | Reached XP level 5. HP: 38/38 MP: 5/5
  3517 | D:4      | Reached skill level 3 in Long Blades
  3517 | D:4      | Gained mutation: You are slightly more attuned to the shadows. [demonic ancestry]
  3517 | D:4      | Reached XP level 6. HP: 31/44 MP: 6/6
  3866 | D:4      | Found an ancient bone altar of Kikubaaqudgha.
  3921 | D:5      | Entered Level 5 of the Dungeon
  4011 | D:5      | Found a snail-covered altar of Cheibriados.
  4031 | D:5      | Reached skill level 4 in Long Blades
  4260 | D:5      | Noticed an ice beast
  4270 | D:5      | Killed an ice beast
  4270 | D:5      | Reached skill level 5 in Long Blades
  4270 | D:5      | Gained mutation: You are significantly more attuned to the shadows. [demonic ancestry]
  4270 | D:5      | Reached XP level 7. HP: 19/50 MP: 7/7
  4535 | D:4      | Found a shadowy altar of Dithmenos.
  4631 | D:6      | Found a sacrificial altar of Ru.
  5523 | D:6      | Found a staircase to the Ecumenical Temple.
  5531 | Temple   | Entered the Ecumenical Temple
  5846 | D:7      | Found a blossoming altar of Fedhas.
  5854 | D:7      | Reached skill level 6 in Long Blades
  5898 | D:7      | Slain by a bullfrog zombie

Vault maps used:
D:1:      minmay_arrival_widening_spiral_wide
D:2:      wad_river_or_something
D:3:      xom_teletrap_fun
D:4:      nicolae_overflow_hidden_temple
D:5:      nicolae_overflow_crystal_walls, first_ration
D:6:      lemuel_doored_altar, minmay_temple_entry_poolview, roderic_batcave
D:7:      cheibrodos_shockbox, fedhas_bush_and_centaur_altar
Temple:   minmay_temple_curvy_branch

Skill      XL: |  1  2  3  4  5  6  7 |
---------------+----------------------+-----
Short Blades   | 2 3 4 |  4.7
Long Blades    | 2 3 5 6 |  6.3
Fighting       | |  2.0
Throwing       | |  1.7
Dodging        | |  0.8
Stealth        | |  3.6

Action                   |  1- 3 |  4- 6 |  7- 9 || total
-------------------------+-------+-------+-------++-------
Melee: Dagger            |   138 |   150 |       ||   288
       Long sword        |       |    91 |    79 ||   170
 Fire: Blowgun           |     2 |     8 |     3 ||    13
  Use: Scroll            |     1 |    12 |     5 ||    18
 Stab: Sleeping          |     4 |     7 |     5 ||    16
       Distracted        |       |       |     1 ||     1
  Eat: Chunk             |     1 |    10 |     5 ||    16
Armor: Robe              |    55 |    68 |    20 ||   143
Dodge: Dodged            |   125 |   166 |    50 ||   341
       Rpst.: Long sword |       |    28 |    16 ||    44

Table legend:
 A = Non-vault XP
 B = Vault XP
 C = Vault XP percentage of total XP
 D = Non-vault monster count
 E = Vault monster count
 F = Vault count percentage of total count
 G = Total turns spent on level
                 A         B        C        D         E       F
            +---------+---------+-------+---------+---------+-------
      Total |     997 |     150 |  13.1 |      96 |      18 |  15.8
            +---------+---------+-------+---------+---------+-------
        D:1 |      83 |       0 |   0.0 |      35 |       0 |   0.0
        D:2 |      58 |      20 |  25.6 |      24 |       9 |  27.3
        D:3 |      25 |       0 |   0.0 |      14 |       0 |   0.0
        D:4 |     220 |       0 |   0.0 |       7 |       0 |   0.0
        D:5 |     385 |       0 |   0.0 |       7 |       0 |   0.0
        D:6 |     166 |      12 |   6.7 |       4 |       8 |  66.7
        D:7 |      60 |     118 |  66.3 |       5 |       1 |  16.7
            +---------+---------+-------+---------+---------+-------
